 Dungeon Crawl Stone Soup version 0.18-a0-1782-gb76a692 (webtiles) character file.

674 namelastname112 the Conjurer (level 7, -2/50 HPs)
             Began as a Grey Draconian Conjurer on Apr 17, 2016.
             Killed from afar by Dowan (18 damage)
             ... with a shard of ice
             ... on level 5 of the Dungeon.
             The game lasted 00:10:26 (5117 turns).

namelastname112 the Conjurer (DrCj)                 Turns: 5117, Time: 00:10:27

Health: -2/50      AC: 12    Str: 10    XL:     7   Next: 33%
Magic:  1/14       EV: 12    Int: 17    God:
Gold:   291        SH:  0    Dex: 12    Spells: 3 memorised, 8 levels left

rFire  . . .     SeeInvis .     c - +0 dagger
rCold  . . .     Gourm    +     (armour unavailable)
rNeg   . . .     Faith    .     (no shield)
rPois  .         Spirit   .     (helmet restricted)
rElec  .         Dismiss  .     h - +0 cloak
rCorr  .         Reflect  .     (no gloves)
SustAt .         Harm     .     (no boots)
MR     .....                    m - amulet of the gourmand
Stlth  ++........               (no ring)
                                e - ring of flight

@: not resistant to hostile enchantments, unstealthy
A: walk through water, unfitting armour, unbreathing, cold-blooded, AC +11
a: Evoke Flight


You were on level 5 of the Dungeon.
You were completely stuffed.

You visited 1 branch of the dungeon, and saw 5 of its levels.

You collected 291 gold pieces.

Inventory:

Hand Weapons
 c - a +0 dagger (weapon)
Armour
 h - a +0 cloak (worn)
Jewellery
 e - a ring of flight (left hand)
 m - an amulet of the gourmand (around neck)
Wands
 u - a wand of flame (20/48)
Scrolls
 d - 6 scrolls of remove curse {unknown}
 f - 5 scrolls of enchant armour {unknown}
 g - 3 scrolls of fear {unknown}
 i - 2 scrolls of amnesia {unknown}
 j - a scroll of enchant weapon {unknown}
 k - 2 scrolls of teleportation {unknown}
 l - 5 scrolls of identify {unknown}
 n - 2 scrolls of random uselessness {unknown}
 o - a scroll of magic mapping {unknown}
 r - 3 scrolls of noise {unknown}
 v - a scroll of blinking {unknown}
Potions
 q - a potion of flight {unknown}
 s - a potion of lignification {unknown}
 t - 2 potions of curing {unknown}
Books
 a - a book of Conjurations

   Spells                             Type                      Level
   a - Magic Dart                     Conjuration                  1
   b - Searing Ray                    Conjuration                  2
   c - Dazzling Spray                 Conjuration/Hexes            3
   d - Fulminant Prism                Conjuration/Hexes            4
   e - Iskenderun's Mystic Blast      Conjuration                  4
   f - Iskenderun's Battlesphere      Conjuration/Charms           5
Comestibles
 b - 5 bread rations
 p - 2 meat rations
 w - 6 chunks of flesh


   Skills:
 - Level 1.7 Dodging
 - Level 1.7 Stealth
 + Level 5.0 Spellcasting
 + Level 6.2 Conjurations
 + Level 3.3 Charms


You had 8 spell levels left.
You knew the following spells:

 Your Spells              Type           Power        Failure   Level  Hunger
a - Iskenderun's Battles  Conj/Chrm      ###.....     58%         5    ######.
x - Searing Ray           Conj           ####..       1%          2    #......
z - Magic Dart            Conj           ####         1%          1    None


Dungeon Overview and Level Annotations

Branches:
Dungeon (5/15)
 Temple: D:4-7

Altars:
Dithmenos
Fedhas
Okawaru
Qazlal
Sif Muna
Yredelemnul
Zin
The Shining One

Annotations:
D:5 Dowan


Innate Abilities, Weirdness & Mutations

You can walk through water.
Your dull iron-grey scales are very hard (AC +11).
Your body does not fit into most forms of armour.
You can survive without breathing.
You are cold-blooded and may be slowed by cold attacks.


Message History

The magic dart hits Dowan.
Dowan is heavily wounded.
Dowan hits you but does no damage. x2
You now have 1/14 mp.
Casting: Magic Dart
Confirm with . or Enter, or press ? or * to list all spells.
Aiming: Magic Dart
Press: ? - help, Shift-Dir - straight line, f/p - Dowan
Aim: Dowan, wielding a dagger and wearing a robe (heavily wounded, fast)
The magic dart hits Dowan.
Dowan is severely wounded.
Dowan mumbles some strange words.
Dowan blinks!
You now have 0/14 mp.
Dowan hits you but does no damage. Dowan barely misses you.
Dowan hits you but does no damage.
Dowan points at you and mumbles some strange words.
The shard of ice hits you!
You die...

..####..
#.(....# ##
#....#########
##.
#..........##
..
#...........#
#.
##..#######..#
#.### ###..##
##..
#...#####....#
##.
#...e.@....##
##
##..#####...#
### ####.###
###..# #..
#.....$## ...#
#... ####....#
#....# #...
###...# .....#
#... ##..#
#...... #..#
#.# #..###..
..# .# #.. #..
.#


You could see Dowan.

Vanquished Creatures
  Duvessa (D:5)
  An ogre (D:4)
  A howler monkey (D:5)
  An orc priest (D:5)
  A hound (D:5)
  2 iguanas
  Ijyb (D:3)
  4 orc wizards
  A killer bee zombie (D:5)
  A hound skeleton (D:4)
  4 gnolls (D:4)
  4 adders
  An ooze (D:3)
  2 worms
  A dart slug (D:5)
  4 giant geckos
  8 orcs
  4 giant cockroaches
  5 goblins
  10 hobgoblins
  7 jackals
  2 quokkas
  2 ball pythons
  7 bats
  7 giant newts
  9 kobolds
  12 rats
103 creatures vanquished.

Vanquished Creatures (others)
  A giant newt (D:2)
1 creature vanquished.

Grand Total: 104 creatures vanquished

Notes
Turn   | Place    | Note
--------------------------------------------------------------
     0 | D:1      | namelastname112 the Draconian Conjurer began the quest for the Orb.
     0 | D:1      | Reached XP level 1. HP: 14/14 MP: 3/3
   280 | D:1      | crauler: уже спать блин собирался
   290 | D:1      | crauler: с форча
   321 | D:1      | crauler: https://github.com/crawl/crawl/commit/a939a6871a3d37ccc7882bae7a0218ccfb8962a9 >Nerf rElec to the same level as other resists (crate) >rElec is a single-level resistance, but that single level counted as if the player had rElec++. This made electricity-using threats trivial when faced with rElec. I like how Lasty totally misinterpreted the reason crate argued for changing rElec's function here. Crate's argument iirc was that rElec being both rare and potent was stupid, and that it should be made more common while becoming less significant. Lasty of course chose to only work on the easier half of that.
   324 | D:1      | crauler: чето охуительные изменения происходят все чаще и чаще
   324 | D:1      | namelastname112: >stupid
   324 | D:1      | namelastname112: игре нужно кольцо рэлека
   324 | D:1      | namelastname112: сириусли
   344 | D:1      | Reached XP level 2. HP: 3/20 MP: 1/5
   633 | D:1      | Learned a level 2 spell: Searing Ray
   713 | D:1      | crauler: ну как он пишет, что рЭлек должен был встречаться чаще
   791 | D:1      | crauler: и быть слабее
   829 | D:1      | namelastname112: ну если его нерфить
   829 | D:1      | crauler: а в результате он тупо слабее
   829 | D:1      | namelastname112: то да
   829 | D:1      | namelastname112: https://www.youtube.com/watch?v=lg_FoEy8T_A
   898 | D:1      | crauler: кто у нас в лболт то может, титаны, угри, близзарды
   963 | D:1      | namelastname112: големы
   963 | D:1      | namelastname112: николай
   963 | D:1      | namelastname112: эльфы
  1019 | D:1      | namelastname112: всякие визарды
  1041 | D:1      | namelastname112: драконы
  1116 | D:1      | crauler: никола
  1136 | D:1      | crauler: ох щит
  1229 | D:2      | crauler: драконы тоже болючие
  1435 | D:2      | Found a deep blue altar of Sif Muna.
  1435 | D:2      | Found a glowing silver altar of Zin.
  1436 | D:2      | crauler: а вот никола ебать начнет
  1437 | D:2      | Found a blossoming altar of Fedhas.
  1437 | D:2      | Found a basalt altar of Yredelemnul.
  1437 | D:2      | Found a stormy altar of Qazlal.
  1437 | D:2      | Found an iron altar of Okawaru.
  1456 | D:2      | Reached XP level 3. HP: 17/26 MP: 1/7
  1791 | D:2      | crauler: ну и забавно будет за гаргами наблюдать
  2237 | D:2      | crauler: особенно всякими типами с 30 АС 5 эв
  2352 | D:3      | Reached XP level 4. HP: 9/33 MP: 1/9
  2851 | D:3      | Found a shadowy altar of Dithmenos.
  2909 | D:3      | Found a glowing golden altar of the Shining One.
  2947 | D:3      | Noticed Ijyb
  3030 | D:3      | Killed Ijyb
  3030 | D:3      | Reached skill level 5 in Conjurations
  3115 | D:3      | Reached XP level 5. HP: 38/38 MP: 3/10
  3122 | D:3      | Learned a level 5 spell: Iskenderun's Battlesphere
  3379 | D:3      | Reached skill level 1 in Charms
  3659 | D:4      | Noticed an ogre
  3709 | D:4      | Killed an ogre
  3709 | D:4      | Reached XP level 6. HP: 19/45 MP: 1/12
  4571 | D:5      | Entered Level 5 of the Dungeon
  4989 | D:5      | Reached skill level 6 in Conjurations
  4989 | D:5      | Your scales start taking on a dull iron-grey colour.
  4989 | D:5      | Reached XP level 7. HP: 47/50 MP: 8/14
  4989 | D:5      | Gained mutation: You can survive without breathing. [Grey Draconian growth]
  5043 | D:5      | Noticed Duvessa
  5079 | D:5      | Killed Duvessa
  5079 | D:5      | Reached skill level 5 in Spellcasting
  5091 | D:5      | Noticed Dowan
  5117 | D:5      | Killed from afar by Dowan

Vault maps used:
D:1:      dpeg_arrival_fog, minmay_statues_item, item_on_display_b
D:2:      grunt_temple_overflow_open, lemuel_old_faithful
D:3:      grunt_dithmenos_smoke_and_mirrors, lemuel_crystal_altar, uniq_iyjb
D:4:      hangedman_decor_clover_reticule
D:5:      slow_altar_2, first_bread, uniq_duvessa

Skill      XL: |  1  2  3  4  5  6  7 |
---------------+----------------------+-----
Spellcasting   | 3 4 5 |  5.0
Conjurations   | 5 6 |  6.2
Charms         | 1 2 3 |  3.3
Dodging        | |  1.7
Stealth        | |  1.7

Action                   |  1- 3 |  4- 6 |  7- 9 || total
-------------------------+-------+-------+-------++-------
Melee: Dagger            |    77 |    97 |    22 ||   196
       Tailslap          |     2 |    16 |     6 ||    24
 Cast: Magic Dart        |    60 |    89 |     8 ||   157
       Searing Ray       |     3 |    16 |     3 ||    22
 Stab: Sleeping          |       |     1 |       ||     1
  Eat: Chunk             |     3 |    18 |       ||    21
       Beef jerky        |     1 |     1 |       ||     2
Armor: Skin              |    74 |    71 |    16 ||   161
Dodge: Dodged            |   106 |   119 |    14 ||   239
